 Dungeon Sprint DCSS version 0.17-a0-1504-gb7d9117 (webtiles) character file.

36111 nuthulu the Tortoise (level 13, -22/97 HPs)
             Began as a Gargoyle Fighter on July 8, 2015.
             Was the Champion of Okawaru.
             Killed from afar by a frost giant (55 damage)
             ... with a bolt of cold
             ... in the Dungeon (Sprint IX: "|||||||||||||||||||||||||||||").
             The game lasted 00:10:40 (3771 turns).

nuthulu the Tortoise (Gargoyle Fighter)             Turns: 3771, Time: 00:10:40

Health: -22/97     AC: 40    Str: 24    XL:     13   Next: 88%
Magic:  14/18      EV: 18    Int:  9    God:    Okawaru [******]
Gold:   1912       SH: 17    Dex: 10    Spells: 0 memorised, 12 levels left

rFire  + . .     SeeInvis .     q - +3 morningstar (crush)
rCold  . . .     Clarity  .     F - +2 plate armour
rNeg   + . .     SustAt   .     G - +0 shield {rF+}
rPois  ∞         Gourm    .     A - +0 helmet
rElec  +         Spirit   .     B - +0 cloak {MR+}
rCorr  .         Warding  .     b - +1 pair of gloves
rMut   .         NoTele   +     y - +0 pair of boots
MR     +....                    (no amulet)
Stlth  ..........               u - +2 ring of evasion
                                t - +2 ring of evasion

@: heroism, finesse, somewhat resistant to hostile enchantments, extremely
unstealthy
A: negative energy resistance 1, electricity resistance, unbreathing,
petrification resistance, rot immunity, AC +9
a: Heroism, Finesse, Renounce Religion


You were in the Dungeon.
You worshipped Okawaru.
Okawaru was exalted by your worship.
You were not hungry.

You visited 1 branch You collected 1912 gold pieces.

Inventory:

Hand weapons
 q - a +3 morningstar of crushing (weapon)
Armour
 b - a +1 pair of gloves (worn)
 y - a +0 pair of boots (worn)
 A - a +0 helmet (worn)
 B - a +0 cloak of magic resistance (worn)
 F - a +2 plate armour (worn)
 G - a +0 shield of fire resistance (worn)
Jewellery
 t - a +2 ring of evasion (left hand)
 u - a +2 ring of evasion (right hand)
 C - an uncursed ring of ice
 D - an uncursed ring of protection from fire
 E - an uncursed ring of see invisible
Magical devices
 p - a wand of cold (7)
Scrolls
 a - 2 scrolls of fog
 k - 3 scrolls of blinking
 n - 3 scrolls of remove curse
 o - 2 scrolls of amnesia
 v - 4 scrolls of identify
 w - a scroll of recharging
 x - 3 scrolls of fear
Potions
 d - a potion of might
 f - 7 potions of curing
 g - 5 potions of heal wounds
 h - a potion of haste
 i - 4 potions of magic
 j - 4 potions of berserk rage
 m - a potion of invisibility
 s - a potion of cure mutation
Comestibles
 c - a chunk of flesh
 e - 11 bread rations
 l - 40 fruits
 z - 12 meat rations


   Skills:
 - Level 17.7(22.7) Fighting
 - Level 16.3(21.3) Maces & Flails
 - Level 18.0(23.0) Armour
 * Level 12.0(17.0) Dodging
 - Level 18.0(23.0) Shields
 - Level 7.7 Invocations


You had 12 spell levels left.
You didn't know any spells.

Dungeon Overview and Level Annotations

Branches:
Dungeon (1/1)

Altars:
Cheibriados
Dithmenos
Elyvilon
Fedhas
Gozag
Kikubaaqudgha
Makhleb
Nemelex Xobeh
Okawaru
Qazlal
Ru
Sif Muna
Trog
Vehumet
Xom
Yredelemnul
Zin
The Shining One
Beogh
Jiyva
Lugonu

Shops:
D [[([


Innate Abilities, Weirdness & Mutations

You are resistant to torment.
Your stone body is resilient (AC +9).
You are immune to poison.
You resist negative energy.
You are resistant to electric shocks.
You can survive without breathing.
You are immune to petrification.
You are immune to rotting.


Message History

The deep troll earth mage is lightly wounded.
You puncture the deep troll earth mage!
The deep troll earth mage is heavily wounded.
The deep troll earth mage closely misses you. x2
The deep troll earth mage claws you but does no damage.
You puncture the deep troll earth mage!
The deep troll earth mage is severely wounded.
You sock the deep troll earth mage!
You kill the deep troll earth mage!
Okawaru accepts your kill.
Your base Dodging skill increases to level 12!
You barely miss the frost giant. You puncture the frost giant!
The frost giant is lightly wounded.
You hit the frost giant.
The frost giant is lightly wounded.
The frost giant casts a spell at you. The bolt of cold hits you!
Ouch! That really hurt!
You die...

▓.▓.▓.▓.▓.▓.▓(▓.▓.
▓.▓.▓.▓.▓.▓.▓)▓.▓)
▓)▓.▓'▓.▓)▓.▓)▓.▓.
▓(▓.▓.▓.▓)▓.▓)▓.▓.
▓)▓.▓†▓.▓)▓)▓)▓.▓.
▓)▓.▓.▓.▓)▓.▓)▓.▓.
▓.▓.▓.▓.▓)▓.▓)▓.▓.
▓.▓.▓.▓.▓)▓.▓)▓.▓)
▓@▓.▓.▓.▓)▓.▓.▓.▓%
▓C▓.▓.▓.▓)▓.▓.▓.▓.
▓G▓.▓.▓.▓.▓.▓.▓.▓.
▓.▓.▓.▓.▓[▓.▓.▓.▓.
▓C▓.▓'▓.▓[▓.▓.▓.▓.
▓t▓.▓)▓.▓[▓.▓.▓.▓.
▓p▓.▓§▓.▓[▓.▓)▓.▓.
▓C▓.▓.▓.▓[▓.▓)▓.▓.
▓.▓§▓.▓[▓.▓)▓.▓.


You could see 2 frost giants, a fire giant, a great orb of eyes, a hell knight
and a crocodile shaped shifter.

Vanquished Creatures
  An emperor scorpion (D)
  3 stone giants (D)
  A very ugly thing (D)
  An ettin (D)
  A hydra (D)
  A ghost crab (D)
  A rakshasa (D)
  An ice dragon (D)
  2 naga warriors (D)
  A centaur warrior (D)
  2 ogre magi (D)
  An alligator snapping turtle (D)
  A spriggan air mage (D)
  A deep troll earth mage (D)
  A deep troll shaman (D)
  An anaconda (D)
  A naga sharpshooter (D)
  A salamander mystic (D)
  A shock serpent (D)
  An unseen horror (D)
  4 deep trolls (D)
  2 orb spiders (D)
  3 hill giants (D)
  An orc knight (D)
  2 lindwurms (D)
  An ugly thing (D)
  A wolf spider (D)
  3 griffons (D)
  2 water nymphs (D)
  A siren (D)
  Joseph (D)
  A spiny frog (D)
  Psyche (D)
  A komodo dragon (D)
  2 yaktaurs (D)
  A fire drake (D)
  A freezing wraith (D)
  A merfolk (D)
  A jumping spider (D)
  A slime creature (D)
  5 trolls (D)
  A snapping turtle (D)
  A redback (D)
  A shadow (D)
  2 tarantellas (D)
  A trapdoor spider (D)
  2 wolves (D)
  Eustachio (D)
  2 vampire mosquitoes (D)
  3 hippogriffs (D)
  A mottled dragon (D)
  3 nagas (D)
  2 water moccasins (D)
  10 orc warriors (D)
  A necrophage (D)
  An ogre (D)
  4 crocodiles (D)
  4 giant frogs (D)
  A brain worm (D)
  A crimson imp (D)
  6 orc priests (D)
  A jelly (D)
  2 orc wizards (D)
  2 worker ants (D)
  A river rat (D)
  5 worms (D)
  8 orcs (D)
  A goblin (D)
  A hobgoblin (D)
  A jackal (D)
  A kobold (D)
  A bat (D)
  A giant newt (D)
  A jackal skeleton (D)
  A quokka zombie (D)
  3 rats (D)
138 creatures vanquished.

Vanquished Creatures (others)
  A fire giant (D)
  A hydra (D)
  An alligator (D)
  A swamp dragon (D)
  2 giant leeches (D)
  3 fungi (D)
9 creatures vanquished.

Grand Total: 147 creatures vanquished

Notes
Turn   | Place    | Note
--------------------------------------------------------------
     0 | D        | nuthulu the Gargoyle Fighter began the quest for the Orb.
     0 | D        | Reached XP level 1. HP: 14/14 MP: 1/1
    19 | D        | Reached skill level 4 in Fighting
    50 | D        | Noticed an orc wizard
    56 | D        | Killed an orc wizard
    56 | D        | Reached skill level 5 in Fighting
    56 | D        | Reached XP level 2. HP: 18/22 MP: 2/2
    56 | D        | Reached XP level 3. HP: 22/27 MP: 3/3
    61 | D        | Reached skill level 6 in Fighting
   121 | D        | Found a glowing silver altar of Zin.
   121 | D        | Found a glowing golden altar of the Shining One.
   121 | D        | Found an ancient bone altar of Kikubaaqudgha.
   121 | D        | Found a basalt altar of Yredelemnul.
   121 | D        | Found a shimmering altar of Xom.
   121 | D        | Found a radiant altar of Vehumet.
   122 | D        | Found an iron altar of Okawaru.
   123 | D        | Found a burning altar of Makhleb.
   124 | D        | Found a deep blue altar of Sif Muna.
   125 | D        | Found a bloodstained altar of Trog.
   126 | D        | Found a sparkling altar of Nemelex Xobeh.
   127 | D        | Found a white marble altar of Elyvilon.
   128 | D        | Found a roughly hewn altar of Beogh.
   129 | D        | Found a viscous altar of Jiyva.
   130 | D        | Became a worshipper of Warmaster Okawaru
   131 | D        | Found a corrupted altar of Lugonu.
   132 | D        | Found a blossoming altar of Fedhas.
   133 | D        | Found a snail-covered altar of Cheibriados.
   134 | D        | Found a shadowy altar of Dithmenos.
   135 | D        | Found a stormy altar of Qazlal.
   136 | D        | Found an opulent altar of Gozag.
   137 | D        | Found a sacrificial altar of Ru.
   183 | D        | Noticed a worker ant
   183 | D        | Noticed a jelly
   183 | D        | Noticed a crocodile
   183 | D        | Noticed a crimson imp
   190 | D        | Killed a worker ant
   190 | D        | Reached skill level 5 in Maces & Flails
   190 | D        | Reached XP level 4. HP: 30/32 MP: 4/4
   194 | D        | Killed a jelly
   194 | D        | Reached skill level 7 in Fighting
   198 | D        | Killed a crocodile
   198 | D        | Acquired Okawaru's first power
   198 | D        | Reached skill level 8 in Fighting
   198 | D        | Reached XP level 5. HP: 18/40 MP: 5/5
   201 | D        | Killed a crimson imp
   201 | D        | Reached skill level 9 in Fighting
   375 | D        | Noticed a shadow
   375 | D        | Noticed a necrophage
   375 | D        | Noticed a worker ant
   375 | D        | Noticed an ogre
   375 | D        | Noticed a vampire mosquito
   375 | D        | Noticed a troll
   379 | D        | Killed a shadow
   379 | D        | Reached skill level 11 in Fighting
   379 | D        | Reached XP level 6. HP: 44/49 MP: 3/6
   380 | D        | Killed a necrophage
   380 | D        | Reached skill level 10 in Maces & Flails
   383 | D        | Killed a worker ant
   383 | D        | Reached XP level 7. HP: 48/54 MP: 3/7
   386 | D        | Killed an ogre
   390 | D        | Killed a vampire mosquito
   390 | D        | Reached skill level 12 in Fighting
   397 | D        | Killed a troll
   397 | D        | Reached skill level 13 in Fighting
   633 | D        | Noticed a crocodile
   633 | D        | Noticed a hippogriff
   633 | D        | Noticed a komodo dragon
   633 | D        | Noticed a crocodile
   633 | D        | Noticed a water moccasin
   638 | D        | Noticed a wolf
   638 | D        | Killed a crocodile
   638 | D        | Reached XP level 8. HP: 57/63 MP: 5/8
   641 | D        | Killed a hippogriff
   642 | D        | Noticed a hippogriff
   646 | D        | Noticed a hippogriff
   648 | D        | Killed a komodo dragon
   648 | D        | Reached skill level 14 in Fighting
   655 | D        | Killed a crocodile
   657 | D        | Killed a water moccasin
   664 | D        | Killed a wolf
   671 | D        | Killed a hippogriff
   671 | D        | Reached XP level 9. HP: 23/70 MP: 9/9
   677 | D        | Killed a hippogriff
   677 | D        | Reached skill level 15 in Fighting
   900 | D        | Noticed a giant frog
   900 | D        | Noticed a wolf
   900 | D        | Noticed a spiny frog
   900 | D        | Noticed a fire drake
   900 | D        | Noticed a giant frog
   900 | D        | Noticed a giant frog
   903 | D        | Killed a giant frog
   905 | D        | Noticed an eight-headed hydra
   907 | D        | Killed a wolf
   909 | D        | Noticed a water moccasin
   911 | D        | Noticed a giant frog
   911 | D        | Killed a spiny frog
   913 | D        | Killed a fire drake
   913 | D        | Reached skill level 16 in Fighting
   918 | D        | Killed an eight-headed hydra
   918 | D        | Reached skill level 15 in Maces & Flails
   918 | D        | Reached XP level 10. HP: 30/79 MP: 7/10
   923 | D        | Killed a giant frog
   926 | D        | Killed a giant frog
   933 | D        | Killed a water moccasin
   935 | D        | Killed a giant frog
  1151 | D        | Noticed a lindwurm
  1151 | D        | Noticed a lindwurm
  1158 | D        | Killed a lindwurm
  1158 | D        | Reached skill level 17 in Fighting
  1160 | D        | Noticed a brain worm
  1168 | D        | Killed a lindwurm
  1183 | D        | Killed a brain worm
  1183 | D        | Acquired Okawaru's second power
  1403 | D        | Noticed an orc priest
  1403 | D        | Noticed an orc priest
  1403 | D        | Noticed an orc priest
  1403 | D        | Noticed a stone giant
  1403 | D        | Noticed an orc wizard
  1406 | D        | Killed an orc priest
  1415 | D        | Killed an orc priest
  1416 | D        | Noticed an orc priest
  1422 | D        | Killed a stone giant
  1427 | D        | Killed an orc priest
  1429 | D        | Killed an orc wizard
  1431 | D        | Noticed an orc priest
  1436 | D        | Killed an orc priest
  1439 | D        | Noticed an orc priest
  1442 | D        | Killed an orc priest
  1445 | D        | Killed an orc priest
  1574 | D        | Noticed an orc warrior
  1574 | D        | Noticed an orc warrior
  1574 | D        | Noticed an orc warrior
  1574 | D        | Noticed an orc warrior
  1574 | D        | Noticed an orc warrior
  1574 | D        | Noticed an orc warrior
  1576 | D        | Killed an orc warrior
  1577 | D        | Noticed an orc warrior
  1581 | D        | Noticed an orc warrior
  1584 | D        | Killed an orc warrior
  1589 | D        | Noticed an orc warrior
  1589 | D        | Killed an orc warrior
  1592 | D        | Killed an orc warrior
  1598 | D        | Killed an orc warrior
  1603 | D        | Killed an orc warrior
  1611 | D        | Killed an orc warrior
  1613 | D        | Killed an orc warrior
  1613 | D        | Reached XP level 11. HP: 59/86 MP: 11/11
  1619 | D        | Killed an orc warrior
  1628 | D        | Noticed an orc warrior
  1638 | D        | Killed an orc warrior
  1802 | D        | Found Huahaof's Antique Armour Emporium.
  1802 | D        | Noticed a deep troll
  1802 | D        | Noticed a deep troll
  1802 | D        | Noticed a deep troll
  1802 | D        | Noticed a hill giant
  1802 | D        | Noticed a stone giant
  1803 | D        | Noticed a deep troll
  1810 | D        | Noticed an ettin
  1812 | D        | Killed a deep troll
  1812 | D        | Received a gift from Okawaru
  1818 | D        | Killed a deep troll
  1820 | D        | Noticed a troll
  1820 | D        | Found Wyrphy Acudgh's Antique Armour Shoppe.
  1821 | D        | Noticed a hill giant
  1824 | D        | Killed a stone giant
  1824 | D        | Reached skill level 10 in Armour
  1824 | D        | Reached skill level 10 in Shields
  1829 | D        | Killed a deep troll
  1835 | D        | Killed a hill giant
  1836 | D        | Found Ywaptirph's Antique Weapon Emporium.
  1838 | D        | Killed a deep troll
  1844 | D        | Killed an ettin
  1844 | D        | Received a gift from Okawaru
  1845 | D        | Found Hikh's Armour Shoppe.
  1848 | D        | Killed a troll
  1851 | D        | HP: 2/86 [hill giant/giant spiked club (33)]
  1853 | D        | Killed a hill giant
  1874 | D        | Noticed a troll
  1875 | D        | Noticed a troll
  2244 | D        | Killed a troll
  2299 | D        | Killed a troll
  2369 | D        | Noticed an ogre mage
  2378 | D        | Killed an ogre mage
  2431 | D        | Noticed a troll
  2439 | D        | Killed a troll
  2509 | D        | Noticed Eustachio
  2516 | D        | Killed Eustachio
  2516 | D        | Reached XP level 12. HP: 92/92 MP: 12/12
  2532 | D        | Noticed Joseph
  2553 | D        | Killed Joseph
  2585 | D        | Noticed Psyche
  2593 | D        | Killed Psyche
  2719 | D        | Noticed an orc knight
  2719 | D        | Noticed a hill giant
  2719 | D        | Noticed a mottled dragon
  2719 | D        | Noticed a freezing wraith
  2724 | D        | Noticed a vampire mosquito
  2726 | D        | Killed an unseen horror
  2727 | D        | Noticed a crocodile
  2733 | D        | Killed an orc knight
  2734 | D        | Noticed a deep troll shaman
  2741 | D        | Killed a hill giant
  2742 | D        | Noticed a green ugly thing
  2746 | D        | Killed a mottled dragon
  2748 | D        | Noticed a stone giant
  2749 | D        | Killed a freezing wraith
  2749 | D        | Reached skill level 15 in Armour
  2749 | D        | Reached skill level 15 in Shields
  2752 | D        | Noticed an ice dragon
  2757 | D        | Killed a deep troll shaman
  2758 | D        | Noticed a centaur warrior
  2761 | D        | Noticed a fire giant
  2769 | D        | Killed a green ugly thing
  2774 | D        | Noticed a rakshasa
  2776 | D        | Killed a stone giant
  2785 | D        | Killed an ice dragon
  2785 | D        | Received a gift from Okawaru
  2793 | D        | Killed a fire giant
  2801 | D        | Killed a vampire mosquito
  2802 | D        | Killed a crocodile
  2808 | D        | Killed a centaur warrior
  2820 | D        | Killed a centaur warrior
  2833 | D        | Killed a rakshasa
  2840 | D        | Killed a rakshasa
  3090 | D        | Noticed an emperor scorpion
  3090 | D        | Noticed a tarantella
  3090 | D        | Noticed an orb spider
  3090 | D        | Noticed a jumping spider
  3090 | D        | Noticed an orb spider
  3117 | D        | Killed an emperor scorpion
  3123 | D        | Killed a tarantella
  3133 | D        | Noticed a tarantella
  3135 | D        | Noticed a wolf spider
  3136 | D        | Killed an orb spider
  3136 | D        | Reached XP level 13. HP: 67/97 MP: 13/13
  3138 | D        | Killed a jumping spider
  3140 | D        | Noticed a redback
  3142 | D        | Noticed a trapdoor spider
  3144 | D        | Killed an orb spider
  3152 | D        | Killed a tarantella
  3159 | D        | Killed a wolf spider
  3165 | D        | Killed a redback
  3165 | D        | Reached skill level 18 in Armour
  3168 | D        | Killed a trapdoor spider
  3291 | D        | Noticed a merfolk
  3291 | D        | Noticed a griffon
  3291 | D        | Noticed an alligator snapping turtle
  3291 | D        | Noticed a griffon
  3291 | D        | Noticed a siren
  3291 | D        | Noticed a snapping turtle
  3292 | D        | Noticed a griffon
  3296 | D        | Killed a merfolk
  3296 | D        | Reached skill level 1 in Dodging
  3296 | D        | Reached skill level 1 in Invocations
  3299 | D        | Killed a griffon
  3300 | D        | Noticed a water nymph
  3300 | D        | Noticed a water nymph
  3316 | D        | Killed an alligator snapping turtle
  3326 | D        | Killed a griffon
  3330 | D        | Killed a siren
  3330 | D        | Reached skill level 5 in Invocations
  3337 | D        | Killed a snapping turtle
  3343 | D        | Killed a griffon
  3356 | D        | Killed a water nymph
  3367 | D        | Killed a water nymph
  3367 | D        | Reached skill level 5 in Dodging
  3421 | D        | Noticed an alligator
  3421 | D        | Noticed a ghost crab
  3421 | D        | Noticed a giant leech
  3421 | D        | Noticed a giant leech
  3425 | D        | Killed an alligator
  3427 | D        | Killed a five-headed hydra
  3428 | D        | Killed a giant leech
  3428 | D        | Killed a giant leech
  3430 | D        | Noticed a swamp dragon
  3441 | D        | Killed a ghost crab
  3441 | D        | Killed a swamp dragon
  3529 | D        | Noticed a naga
  3529 | D        | Noticed a salamander mystic
  3529 | D        | Noticed a naga warrior
  3529 | D        | Noticed an anaconda
  3529 | D        | Noticed a naga
  3529 | D        | Noticed a naga
  3530 | D        | Noticed a naga warrior
  3535 | D        | Noticed a naga sharpshooter
  3535 | D        | Killed a naga
  3548 | D        | Killed a salamander mystic
  3549 | D        | Noticed a shock serpent
  3555 | D        | Killed a naga warrior
  3555 | D        | Received a gift from Okawaru
  3558 | D        | Killed an anaconda
  3566 | D        | Killed a naga warrior
  3575 | D        | Killed a naga sharpshooter
  3582 | D        | Killed a naga
  3584 | D        | Killed a naga
  3594 | D        | Killed a shock serpent
  3723 | D        | Noticed a yaktaur
  3723 | D        | Noticed an ogre mage
  3723 | D        | Noticed a yaktaur
  3723 | D        | Noticed a slime creature
  3723 | D        | Noticed a green very ugly thing
  3723 | D        | Noticed a spriggan air mage
  3728 | D        | Killed an ogre mage
  3728 | D        | Reached skill level 10 in Dodging
  3730 | D        | Noticed a deep troll earth mage
  3732 | D        | Killed a yaktaur
  3733 | D        | Noticed a frost giant
  3737 | D        | Noticed a great orb of eyes
  3740 | D        | Killed a yaktaur
  3749 | D        | Killed a green very ugly thing
  3750 | D        | Noticed a hell knight
  3753 | D        | Killed a slime creature
  3754 | D        | Noticed an ettin
  3755 | D        | Noticed a frost giant
  3760 | D        | Killed a spriggan air mage
  3762 | D        | Noticed a fire giant
  3768 | D        | Killed a deep troll earth mage
  3771 | D        | Killed from afar by a frost giant

Vault maps used:
D:        linesprint

Action                   |  1- 3 |  4- 6 |  7- 9 | 10-12 | 13-15 || total
-------------------------+-------+-------+-------+-------+-------++-------
Melee: Flail             |    28 |       |       |       |       ||    28
       Morningstar       |     7 |    17 |    72 |   358 |   206 ||   660
Invok: Heroism           |       |     1 |     2 |     6 |     4 ||    13
       Finesse           |       |       |       |     1 |     2 ||     3
  Use: Scroll            |       |       |     1 |       |       ||     1
       Potion            |       |       |       |     3 |     1 ||     4
  Eat: Bread ration      |       |       |       |     2 |       ||     2
       Chunk             |       |       |       |     1 |     1 ||     2
